Map: Lightshade LE

Players

HeRoMaRinE

  • Race: Terran Terran
  • Spawn Location: 5:00

Trap - Winner!

  • Race: Protoss Protoss
  • Spawn Location: 11:00

Event: IEM Katowice 2021

VOD

Have the link to the VOD?

Description

Time

  • Played on: Feb. 24, 2021, 8:39 a.m.
  • Length: 10:15

All games in this series

Show
View Real Time Build Order
Export as new Build Order

HeRoMaRinE Terran 

Build Orders: Reaper Expand 

Get SALT Encoding   

  12  0:00  SCV  
  13  0:12  SCV  
  14  0:17  Supply Depot  
  14  0:24  SCV  
  15  0:38  SCV  
  15  0:40  Barracks  
  16  0:43  Refinery  
  16  0:50  SCV  
  17  1:02  SCV  
  18  1:15  SCV  
  19  1:27  Reaper, Orbital Command  
  20  1:42  Command Center  
  20  1:49  Supply Depot  
  20  1:53  SCV  
  21  1:59  Barracks Reactor  
  21  2:05  SCV  
  22  2:10  Barracks  
  22  2:14  Bunker  
  22  2:17  SCV  
  23  2:27  Barracks  
  23  2:29  SCV  
  24  2:35  Marine  
  25  2:37  Marine  
  25  2:41  SCV  
  27  2:53  SCV, Marine  
  27  2:55  Marine, Orbital Command  
  30  2:59  Barracks Tech Lab  
  30  3:01  Refinery  
  31  3:05  SCV  
  31  3:13  Marine x2  
  31  3:17  SCV  
  31  3:20  Stimpack, Barracks Tech Lab  
  31  3:21  Marine  
  31  3:24  SCV  
  33  3:29  SCV  
  33  3:31  Marine x2  
  36  3:36  SCV  
  36  3:37  Supply Depot  
  36  3:40  Combat Shield  
  37  3:41  Marine  
  37  3:43  SCV, Marine  
  37  3:48  SCV, Marine  
  41  3:51  Marine  
  42  3:57  SCV  
  42  4:00  SCV  
  44  4:03  Supply Depot  
  44  4:07  Marauder x2  
  46  4:11  Marine  
  46  4:12  Supply Depot  
  46  4:13  SCV x2  
  49  4:17  Marine  
  49  4:25  SCV x2  
  49  4:28  Marine  
  49  4:29  Marine x2, Engineering Bay  
  53  4:37  SCV  
  53  4:38  SCV  
  54  4:39  Factory  
  54  4:41  Supply Depot  
  54  4:43  Marine  
  55  4:46  Marine x2  
  55  4:50  SCV x2  
  59  4:54  Marine  
  59  4:55  Missile Turret  
  59  4:56  Terran Infantry Weapons Level 1  
  60  5:00  Missile Turret  
  60  5:02  SCV  
  60  5:03  SCV, Marine  
  63  5:08  Refinery  
  63  5:10  Marauder  
  63  5:11  Marauder  
  67  5:16  SCV x2  
  67  5:20  Marine x2  
  71  5:22  Factory Reactor, Starport  
  71  5:25  Supply Depot  
  71  5:28  SCV  
  71  5:29  SCV  
  71  5:33  Refinery  
  71  5:34  Supply Depot  
  73  5:37  Marauder  
  73  5:38  Marauder  
  73  5:40  SCV  
  73  5:41  SCV  
  78  5:48  Marine  
  78  5:49  Marine  
  78  5:53  SCV x2  
  78  5:58  Marauder  
  78  5:59  Marauder  
  78  6:02  Supply Depot  
  82  6:05  SCV x2  
  82  6:06  Marine x2  
  82  6:08  Concussive Shells  
  86  6:14  Supply Depot  
  86  6:17  Factory Reactor  
  86  6:20  Marauder x2  
  86  6:24  Medivac x2, Marine x2  
  96  6:29  Supply Depot  
  96  6:36  SCV x2  
  96  6:39  Supply Depot  
  98  6:41  Marauder  
  98  6:42  Marauder  
  98  6:43  Marine  
  98  6:44  Marine  
  98  6:46  Supply Depot  
  104  6:54  Medivac x2  
  108  7:01  Marine x2  
  108  7:02  Widow Mine x2, Marauder  
  108  7:03  Marauder  
  118  7:12  Command Center  
  118  7:21  Marine x2  
  120  7:24  Marauder  
  120  7:27  Widow Mine x2  
  120  7:29  SCV x2  
  118  7:33  Marauder  
  118  7:34  Medivac  
  110  7:45  Marauder  
  100  7:51  Medivac, Widow Mine  
  100  7:52  Widow Mine  
  100  7:55  Marauder  
  103  8:01  Terran Infantry Armor Level 1  
  103  8:03  Marine  
  103  8:04  Medivac, Marine  
  107  8:07  Barracks x2  
  107  8:12  SCV x2  
  109  8:21  Medivac  
  109  8:23  Siege Tank  
  109  8:24  Marauder, SCV x2  
  109  8:25  Marine x4  
  122  8:36  SCV x2  
  122  8:38  Missile Turret  
  124  8:45  Marauder, Liberator  
  126  8:49  Marine x3  
  126  8:51  Liberator  
  126  8:55  Siege Tank, Orbital Command  
  135  8:59  Barracks Tech Lab x2  
  135  9:03  Marine, Supply Depot  
  135  9:06  Marauder, Marine  
  137  9:11  SCV x2  
  138  9:18  Marauder  
  138  9:19  Marauder, Marine x2  
  138  9:21  Marine  
  145  9:26  Refinery x2  
  145  9:27  Supply Depot  
  145  9:28  Liberator  
  148  9:35  Siege Tank  
  154  9:40  Marauder, Marine  
  154  9:43  Marauder  
  149  9:46  Marine  
  149  9:47  Marine x2  
  149  9:51  Marauder  
Show
View Real Time Build Order
Export as new Build Order

Trap Protoss - Winner!

Build Orders: 1 Gate Expand, Oracle Opening 

Get SALT Encoding   

  12  0:00  Probe  
  13  0:12  Probe  
  14  0:19  Pylon  
  14  0:24  Probe  
  15  0:37  Probe (Chrono Boost)  
  15  0:38  Gateway  
  16  0:46  Probe (Chrono Boost)  
  16  0:47  Assimilator  
  17  0:51  Probe (Chrono Boost)  
  18  1:03  Probe  
  19  1:15  Probe  
  20  1:25  Cybernetics Core  
  20  1:33  Nexus  
  20  1:40  Pylon  
  20  1:43  Probe  
  21  1:49  Assimilator  
  21  1:55  Probe  
  21  1:58  Adept (Chrono Boost)  
  24  2:07  Probe  
  25  2:09  Shield Battery  
  25  2:18  Adept (Chrono Boost)  
  25  2:19  Probe  
  28  2:29  Stargate  
  28  2:32  Probe  
  28  2:35  Warp Gate  
  29  2:41  Adept  
  31  2:45  Probe (Chrono Boost)  
  33  2:53  Probe (Chrono Boost)  
  33  2:55  Probe (Chrono Boost)  
  34  3:00  Probe x2 (Chrono Boost)  
  36  3:11  Probe  
  36  3:12  Probe  
  38  3:17  Oracle (Chrono Boost)  
  41  3:23  Probe  
  41  3:24  Probe  
  41  3:27  Pylon  
  43  3:31  Gateway  
  43  3:35  Probe  
  43  3:36  Probe  
  43  3:37  Gateway  
  45  3:47  Oracle  
  45  3:48  Probe x2  
  50  4:00  Probe x2  
  52  4:06  Nexus  
  52  4:08  Pylon  
  50  4:12  Probe x2  
  52  4:18  Assimilator x2  
  52  4:26  Probe x2  
  54  4:33  Adept x3  
  54  4:34  Shield Battery  
  60  4:40  Pylon  
  60  4:47  Shield Battery  
  60  4:51  Twilight Council  
  60  4:53  Forge  
  60  4:55  Sentry  
  60  4:58  Protoss Ground Weapons Level 1, Adept  
  60  4:59  Adept  
  66  5:02  Probe  
  66  5:05  Pylon  
  66  5:07  Probe  
  68  5:12  Pylon  
  68  5:15  Probe  
  68  5:19  Sentry x2, Probe  
  68  5:20  Blink (Chrono Boost)  
  68  5:21  Adept  
  76  5:31  Probe  
  76  5:32  Probe  
  76  5:34  Probe  
  79  5:43  Stalker x2  
  79  5:44  Sentry  
  79  5:46  Probe  
  79  5:47  Probe  
  87  5:52  Pylon  
  87  5:55  Pylon  
  87  5:57  Probe  
  87  5:59  Probe x2  
  90  6:05  Gateway  
  90  6:09  Gateway  
  90  6:12  Robotics Facility  
  90  6:20  Stalker x3  
  90  6:22  Probe x2  
  90  6:23  Probe  
  99  6:26  Photon Cannon  
  99  6:31  Pylon  
  99  6:34  Probe x2  
  99  6:35  Probe  
  102  6:41  Pylon  
  102  6:43  Pylon  
  102  6:48  Stalker  
  102  6:49  Stalker  
  102  6:50  Stalker  
  102  6:53  Charge (Chrono Boost)  
  108  6:59  Immortal (Chrono Boost)  
  108  7:00  Assimilator  
  108  7:04  Assimilator  
  112  7:08  Stalker  
  112  7:09  Stalker  
  112  7:12  Stalker x2  
  112  7:15  Probe x3  
  123  7:18  Zealot  
  121  7:34  Stalker x2  
  125  7:38  Gateway  
  125  7:43  Gateway  
  117  7:44  Protoss Ground Armor Level 1 (Chrono Boost)  
  117  7:48  Robotics Bay  
  115  7:57  Stalker x5  
  115  8:01  Gateway  
  115  8:02  Observer (Chrono Boost), Gateway  
  115  8:04  Gateway  
  116  8:15  Immortal (Chrono Boost)  
  116  8:17  Photon Cannon  
  120  8:21  Zealot x3  
  120  8:22  Zealot x2  
  130  8:27  Templar Archives  
  130  8:31  Nexus  
  130  8:34  Pylon  
  128  8:49  Colossus (Chrono Boost), Sentry x2  
  128  8:51  Observer  
  128  8:53  Pylon  
  128  8:54  Pylon  
  138  9:02  Zealot  
  140  9:24  Probe x3  
  140  9:27  Colossus (Chrono Boost)  
  140  9:30  Shield Battery, High Templar x2  
  140  9:31  Zealot x2  
  157  9:32  Photon Cannon  
  157  9:35  Archon  
  157  9:37  Pylon  
  157  9:39  Pylon  
  157  9:41  Pylon  
  157  9:52  Zealot x5  
  117  10:10  Stalker x3  

Tags
 
Add a new tag
Caveats
  • Supply blocks, unpowered buildings, or Contaminate may cause inaccurate times.
  • Supply counts are checked every 10 seconds.